LOFF
NACOGDOCHES ROACHES @ BEAUMONT ALPINISTS
05/04/1905
 
TOP OF THE 1ST
Nacogdoches Roaches batting - Pitching for Beaumont Alpinists : RHP José Rodríguez
Pitching: RHP José Rodríguez
Batting: LHB Rosendo Rodríguez 0-0: Called Strike
0-1: Fly out, F4 (Line Drive, 4M, EV 106 KM/H)
Batting: RHB Daniel Jose 0-0: SINGLE (Line Drive, 56D, EV 169 KM/H)
Batting: RHB Aarón Tapia 0-0: Ball
1-0: Swinging Strike
1-1: Foul Ball, location: 9LDF
1-2: Fly out, F9 (Flyball, 89XD, EV 144 KM/H)
Batting: SHB Ananías Méndez 0-0: Ball
1-0: Ball
2-0: Ball
3-0: Base on Balls
Daniel Jose to second
Batting: LHB An Thu 0-0: Reached on error, E4 (Groundball, 4, EV 140 KM/H)
Daniel Jose scores
Ananías Méndez to third
Batting: RHB Tirso López 0-0: Ball
1-0: Ball
2-0: Ball
3-0: Base on Balls
Batting: LHB José Mateo 0-0: Swinging Strike
0-1: Ball
1-1: Ball
2-1: Ball
3-1: Swinging Strike
3-2: Ground out 5-3 (Groundball, 56S, EV 144 KM/H)
Top of the 1st over - 1 run, 1 hit, 1 error, 3 left on base; Nacogdoches 1 - Beaumont 0
BOTTOM OF THE 1ST
Beaumont Alpinists batting - Pitching for Nacogdoches Roaches : RHP Joaquín Espinosa
Pitching: RHP Joaquín Espinosa
Batting: LHB Cletus Buffy 0-0: Ball
1-0: Called Strike
1-1: Ball
2-1: Ball
3-1: Base on Balls
Batting: RHB Braulio Oyola 0-0: Swinging Strike
Cletus Buffy steals 2nd base
0-1: Called Strike
0-2: Ground out 1-3 (Groundball, 13S, EV 120 KM/H)
Batting: RHB Dagoberto Villanueva 0-0: Called Strike
0-1: Swinging Strike
0-2: Strikes out swinging
Batting: RHB Ildefonso Torres 0-0: Ball
1-0: Ball
2-0: Called Strike
2-1: Swinging Strike
2-2: Ball
3-2: Ground out 6-3 (Groundball, 6M, EV 140 KM/H)
Bottom of the 1st over - 0 runs, 0 hits, 0 errors, 1 left on base; Nacogdoches 1 - Beaumont 0
TOP OF THE 2ND
Nacogdoches Roaches batting - Pitching for Beaumont Alpinists : RHP José Rodríguez
Batting: SHB Luis Cantú 0-0: Ball
1-0: Fly out, F9 (Flyball, 89M, EV 156 KM/H)
Batting: RHB Juan Canchola 0-0: Ball
1-0: Swinging Strike
1-1: Foul Ball, location: 3DF
1-2: Ball
2-2: Foul Ball, location: 9LDF
2-2: Foul Ball, location: 7LMF
2-2: Fly out, F3 (Flyball, 3D, EV 143 KM/H)
Batting: LHB Rosendo Rodríguez 0-0: Ball
1-0: Ball
2-0: Ball
3-0: Called Strike
3-1: Foul Ball, location: 7LMF
3-2: Fly out, F4 (Popup, 34, EV 123 KM/H)
Top of the 2nd over - 0 runs, 0 hits, 0 errors, 0 left on base; Nacogdoches 1 - Beaumont 0
BOTTOM OF THE 2ND
Beaumont Alpinists batting - Pitching for Nacogdoches Roaches : RHP Joaquín Espinosa
Batting: RHB Antonio del Angel 0-0: Called Strike
0-1: Ball
1-1: Fly out, F8 (Flyball, 8RD, EV 168 KM/H)
Batting: SHB Bernabé Olague 0-0: Called Strike
0-1: SINGLE (Flyball, 5D, EV 145 KM/H)
Batting: RHB Cosme Chávez 0-0: Swinging Strike
0-1: Ball
1-1: Swinging Strike
1-2: Strikes out swinging
Batting: RHB Mike Davis 0-0: Called Strike
0-1: Foul Ball, location: 5F
0-2: Ground out 1-3 (Groundball, 34S, EV 108 KM/H)
Bottom of the 2nd over - 0 runs, 1 hit, 0 errors, 1 left on base; Nacogdoches 1 - Beaumont 0
TOP OF THE 3RD
Nacogdoches Roaches batting - Pitching for Beaumont Alpinists : RHP José Rodríguez
Batting: RHB Daniel Jose 0-0: Called Strike
0-1: Foul Ball, location: 2F
0-2: Ball
1-2: Ball
2-2: SOLO HOME RUN (Flyball, 78XD, EV 158 KM/H), Distance : 126 mt
Batting: RHB Aarón Tapia 0-0: Foul Ball, location: 23F
0-1: Ball
1-1: Ball
2-1: Foul Ball, location: 5FF
2-2: Fly out, F3 (Line Drive, 34, EV 155 KM/H)
Batting: SHB Ananías Méndez 0-0: Called Strike
0-1: Foul Ball, location: 5FF
0-2: Ground out 4-3 (Groundball, 4, EV 126 KM/H)
Batting: LHB An Thu 0-0: Called Strike
0-1: Ball
1-1: Swinging Strike
1-2: Ball
2-2: Ball
3-2: Foul Ball, location: 2F
3-2: Strikes out swinging
Top of the 3rd over - 1 run, 1 hit, 0 errors, 0 left on base; Nacogdoches 2 - Beaumont 0
BOTTOM OF THE 3RD
Beaumont Alpinists batting - Pitching for Nacogdoches Roaches : RHP Joaquín Espinosa
Batting: RHB Phil Connolly 0-0: Called Strike
0-1: Single, Error in OF, E7, batter to second base (Line Drive, 5D, EV 151 KM/H)
Batting: LHB Cletus Buffy 0-0: Called Strike
0-1: Ground out 5-3 (Groundball, 56, EV 134 KM/H)
Batting: RHB Braulio Oyola 0-0: Called Strike
0-1: SINGLE (Groundball, 3D, EV 161 KM/H)
Phil Connolly to third
Runner from 3rd tries for Home, SAFE, throw by RF to home
Braulio Oyola to second
Batting: RHB Dagoberto Villanueva 0-0: Ball
1-0: Ball
2-0: Called Strike
2-1: Foul Ball, location: 2RF
2-2: Ball
3-2: SINGLE (Popup, 4MD, EV 85 KM/H)
Braulio Oyola to third
Batting: RHB Ildefonso Torres 0-0: Ball
1-0: Ball
2-0: Called Strike
2-1: Foul Ball, location: 9LMF
2-2: SINGLE (Flyball, 5D, EV 148 KM/H)
Braulio Oyola scores
Dagoberto Villanueva to second
Batting: RHB Antonio del Angel 0-0: Ball
1-0: Fielders Choice at 2nd, 3-6 (Groundball, 34, EV 130 KM/H)
Dagoberto Villanueva to third
Batting: SHB Bernabé Olague 0-0: Foul Ball, location: 2F
0-1: Ball
1-1: Ground out 4-3 (Groundball, 4, EV 168 KM/H)
Bottom of the 3rd over - 2 runs, 4 hits, 1 error, 2 left on base; Nacogdoches 2 - Beaumont 2
TOP OF THE 4TH
Nacogdoches Roaches batting - Pitching for Beaumont Alpinists : RHP José Rodríguez
Batting: RHB Tirso López 0-0: Ball
1-0: Ball
2-0: Ball
3-0: Base on Balls
Batting: LHB José Mateo 0-0: Sac Bunt to 3S - play at first, batter OUT! 3-1
Tirso López to second
Batting: SHB Luis Cantú 0-0: Ball
1-0: Ball
2-0: Ball
3-0: Called Strike
3-1: Base on Balls
Batting: RHB Juan Canchola 0-0: Ball
1-0: Ball
2-0: Swinging Strike
2-1: Ball
3-1: Base on Balls
Tirso López to third
Luis Cantú to second
Batting: LHB Rosendo Rodríguez 0-0: Called Strike
0-1: Ball
1-1: Ball
2-1: Foul Ball, location: 2F
2-2: Foul Ball, location: 7LSF
2-2: Ball
3-2: Foul Ball, location: 25FF
3-2: SINGLE (Groundball, 4D, EV 155 KM/H)
Tirso López scores
Luis Cantú to third
Juan Canchola to second
Runner from 3rd tries for Home, SAFE, throw by CF to trailing runner, OUT at third! 8-3-5
Batting: RHB Daniel Jose 0-0: Ball
1-0: Swinging Strike
1-1: Ball
2-1: Called Strike
2-2: Ball
3-2: Ground out 5-3 (Groundball, 56S, EV 135 KM/H)
Top of the 4th over - 2 runs, 1 hit, 0 errors, 1 left on base; Nacogdoches 4 - Beaumont 2
BOTTOM OF THE 4TH
Beaumont Alpinists batting - Pitching for Nacogdoches Roaches : RHP Joaquín Espinosa
Batting: RHB Cosme Chávez 0-0: Ball
1-0: SINGLE (Line Drive, 34D, EV 159 KM/H)
Batting: RHB Mike Davis 0-0: Ball
1-0: SINGLE (Line Drive, 9S, EV 151 KM/H)
Cosme Chávez to second
Batting: RHB Phil Connolly 0-0: Ball
1-0: Bunted foul
1-1: Sac Bunt to 25 - play at third, runner OUT! 5-6
Mike Davis to second
Batting: LHB Cletus Buffy 0-0: Called Strike
0-1: Foul Ball, location: 2F
0-2: Ball
1-2: Foul Ball, location: 23F
1-2: Fly out, F9 (Flyball, 89S, EV 146 KM/H)
Batting: RHB Braulio Oyola 0-0: Ball
1-0: Ground out 2-3 (Groundball, 15S, EV 106 KM/H)
Bottom of the 4th over - 0 runs, 2 hits, 0 errors, 2 left on base; Nacogdoches 4 - Beaumont 2
TOP OF THE 5TH
Nacogdoches Roaches batting - Pitching for Beaumont Alpinists : RHP José Rodríguez
Batting: RHB Aarón Tapia 0-0: Ball
1-0: Foul Ball, location: 2F
1-1: Fly out, F3 (Popup, 3F, EV 105 KM/H)
Batting: SHB Ananías Méndez 0-0: Ball
1-0: Foul Ball, location: 5F
1-1: Ball
2-1: Fly out, F2 (Popup, 5SF, EV 138 KM/H)
Batting: LHB An Thu 0-0: Ball
1-0: SOLO HOME RUN (Flyball, 89XD, EV 160 KM/H), Distance : 123 mt
Pitching: LHP Timoteo Hernández
Batting: RHB Tirso López 0-0: Ball
1-0: Fly out, F8 (Line Drive, 8RM, EV 137 KM/H)
Top of the 5th over - 1 run, 1 hit, 0 errors, 0 left on base; Nacogdoches 5 - Beaumont 2
BOTTOM OF THE 5TH
Beaumont Alpinists batting - Pitching for Nacogdoches Roaches : RHP Joaquín Espinosa
Batting: RHB Dagoberto Villanueva 0-0: Called Strike
0-1: Ball
1-1: Swinging Strike
1-2: Hit by Pitch
Batting: RHB Ildefonso Torres 0-0: Ball
1-0: Grounds into double play, 4-6-3 (Groundball, 34S, EV 135 KM/H)
Batting: RHB Antonio del Angel 0-0: Ball
1-0: Ball
2-0: SINGLE (Groundball, 4D, EV 168 KM/H)
Batting: SHB Bernabé Olague 0-0: Fly out, F7 (Flyball, 7D, EV 178 KM/H)
Bottom of the 5th over - 0 runs, 1 hit, 0 errors, 1 left on base; Nacogdoches 5 - Beaumont 2
TOP OF THE 6TH
Nacogdoches Roaches batting - Pitching for Beaumont Alpinists : LHP Timoteo Hernández
Batting: LHB José Mateo 0-0: Reached on error, E6 (Groundball, 6, EV 126 KM/H)
Batting: SHB Luis Cantú 0-0: Called Strike
José Mateo is caught stealing 2nd base 2-4
0-1: Fly out, F8 (Flyball, 89D, EV 172 KM/H)
Batting: RHB Juan Canchola 0-0: Called Strike
0-1: Foul Ball, location: 2F
0-2: Ball
1-2: Ground out 4-3 (Groundball, 4S, EV 125 KM/H)
Top of the 6th over - 0 runs, 0 hits, 1 error, 0 left on base; Nacogdoches 5 - Beaumont 2
BOTTOM OF THE 6TH
Beaumont Alpinists batting - Pitching for Nacogdoches Roaches : RHP Joaquín Espinosa
Batting: RHB Cosme Chávez 0-0: Foul Ball, location: 23FF
0-1: Ball
1-1: Ball
2-1: Fly out, F3 (Popup, 23F, EV 140 KM/H)
Batting: RHB Mike Davis 0-0: Ball
1-0: Fly out, F6 (Line Drive, 6D, EV 124 KM/H)
Batting: RHB Phil Connolly 0-0: Ball
1-0: Fly out, F4 (Popup, 4S, EV 129 KM/H)
Bottom of the 6th over - 0 runs, 0 hits, 0 errors, 0 left on base; Nacogdoches 5 - Beaumont 2
TOP OF THE 7TH
Nacogdoches Roaches batting - Pitching for Beaumont Alpinists : LHP Timoteo Hernández
Batting: LHB Rosendo Rodríguez 0-0: Ball
1-0: Called Strike
1-1: Swinging Strike
1-2: SINGLE (Groundball, 4MD, EV 157 KM/H)
Batting: RHB Daniel Jose 0-0: Sac Bunt to 15S - play at first, batter OUT! 1-3
Rosendo Rodríguez to second
Batting: RHB Aarón Tapia 0-0: Ball
1-0: Ball
2-0: SINGLE (Line Drive, 9LS, EV 158 KM/H)
Rosendo Rodríguez to third
Throwing error, E9
Rosendo Rodríguez scores
Aarón Tapia to second
Batting: SHB Ananías Méndez 0-0: Ball
1-0: Called Strike
1-1: Ball
2-1: Ball
3-1: Foul Ball, location: 2F
3-2: Ground out 1-3 (Groundball, 15, EV 118 KM/H)
Batting: LHB An Thu 0-0: Ball
1-0: Foul Ball, location: 2F
1-1: Ball
2-1: Ground out 4-3 (Groundball, 4, EV 149 KM/H)
Top of the 7th over - 1 run, 2 hits, 1 error, 1 left on base; Nacogdoches 6 - Beaumont 2
BOTTOM OF THE 7TH
Beaumont Alpinists batting - Pitching for Nacogdoches Roaches : RHP Joaquín Espinosa
Batting: LHB Cletus Buffy 0-0: DOUBLE (Line Drive, 9LD, EV 174 KM/H)
Batting: RHB Braulio Oyola 0-0: Called Strike
0-1: Ball
1-1: Fly out, F7 (Flyball, 7S, EV 136 KM/H)
Batting: RHB Dagoberto Villanueva 0-0: Ball
1-0: Ball
2-0: Ball
3-0: Base on Balls
Batting: RHB Ildefonso Torres 0-0: Ball
1-0: Foul Ball, location: 5F
1-1: Ball
2-1: Ball
3-1: SINGLE (Line Drive, 9LS, EV 165 KM/H)
Cletus Buffy to third
Dagoberto Villanueva to second
Batting: RHB Antonio del Angel 0-0: Ball
1-0: Foul Ball, location: 2F
1-1: Reached on error, E4 (Groundball, 4MD, EV 147 KM/H)
Cletus Buffy scores
Dagoberto Villanueva to third
Ildefonso Torres to second
Pinch Hitting: RHB Roano Chávez 0-0: Called Strike
0-1: Ball
1-1: Foul Ball, location: 2F
1-2: Single, Error in OF, E8, batter to second base (Line Drive, 8RS, EV 156 KM/H)
Dagoberto Villanueva scores
Ildefonso Torres scores
Antonio del Angel to third
Pinch Hitting: LHB Damián Tovar 0-0: Called Strike
0-1: Called Strike
0-2: Ball
1-2: SINGLE (Line Drive, 34D, EV 155 KM/H)
Antonio del Angel scores
Roano Chávez to third
Batting: RHB Mike Davis 0-0: Ball
1-0: Called Strike
1-1: DOUBLE (Flyball, 8RXD, EV 163 KM/H)
Roano Chávez scores
Damián Tovar to third
Batting: RHB Phil Connolly 0-0: Ball
1-0: Foul Ball, location: 9LMF
1-1: Called Strike
1-2: Foul Ball, location: 7LMF
1-2: SINGLE (Groundball, 56D, EV 153 KM/H)
Damián Tovar scores
Mike Davis to third
Runner from 3rd tries for Home, SAFE, throw by LF to home
Pitching: LHP Acacio Tejada
Batting: LHB Cletus Buffy 0-0: Fielders Choice at 2nd, 4-6 (Groundball, 4S, EV 148 KM/H)
Batting: RHB Braulio Oyola 0-0: Ball
1-0: Foul Ball, location: 3FF
1-1: DOUBLE (Line Drive, 89D, EV 158 KM/H)
Cletus Buffy to third
Runner from 3rd tries for Home, SAFE, throw by CF to trailing runner, SAFE at third!
Batting: RHB Dagoberto Villanueva 0-0: Called Strike
0-1: Ball
1-1: Ball
2-1: Foul Ball, location: 9LSF
2-2: Ball
3-2: Base on Balls
Batting: RHB Ildefonso Torres 0-0: Ball
1-0: Called Strike
1-1: Fly out, F8 (Flyball, 89M, EV 137 KM/H)
Bottom of the 7th over - 8 runs, 7 hits, 2 errors, 2 left on base; Nacogdoches 6 - Beaumont 10
TOP OF THE 8TH
Nacogdoches Roaches batting - Pitching for Beaumont Alpinists : LHP Timoteo Hernández
Now at SS: Jason Kohl
Now in LF: Javier Mendoza
Batting: RHB Tirso López 0-0: DOUBLE (Groundball, 5L, EV 162 KM/H)
Pinch Hitting: RHB Leucipo Mata 0-0: Foul Ball, location: 2F
0-1: Called Strike
0-2: Ground out 4-3 (Groundball, 34, EV 171 KM/H)
Tirso López to third
Batting: SHB Luis Cantú 0-0: Called Strike
0-1: Fly out, F6 (Line Drive, 6M, EV 102 KM/H)
Batting: RHB Juan Canchola 0-0: Ground out 5-3 (Groundball, 56, EV 135 KM/H)
Top of the 8th over - 0 runs, 1 hit, 0 errors, 1 left on base; Nacogdoches 6 - Beaumont 10
BOTTOM OF THE 8TH
Beaumont Alpinists batting - Pitching for Nacogdoches Roaches : LHP Acacio Tejada
Now at 3B: Wenceslao Hernández
Batting: RHB Antonio del Angel 0-0: Called Strike
0-1: Ball
1-1: Ball
2-1: Called Strike
2-2: Ground out 4-3 (Groundball, 4, EV 124 KM/H)
Batting: RHB Javier Mendoza 0-0: Swinging Strike
0-1: Ball
1-1: Ball
2-1: Swinging Strike
2-2: Foul Ball, location: 9LSFF
2-2: Foul Ball, location: 2F
2-2: Fly out, F7 (Flyball, 7LS, EV 140 KM/H)
Batting: SHB Jason Kohl 0-0: Called Strike
0-1: Ball
1-1: Called Strike
1-2: Ground out 1-3 (Groundball, 34S, EV 103 KM/H)
Bottom of the 8th over - 0 runs, 0 hits, 0 errors, 0 left on base; Nacogdoches 6 - Beaumont 10
TOP OF THE 9TH
Nacogdoches Roaches batting - Pitching for Beaumont Alpinists : LHP Timoteo Hernández
Batting: LHB Rosendo Rodríguez 0-0: Called Strike
0-1: Foul Ball, location: 2F
0-2: Ball
1-2: Ground out 6-3 (Groundball, 6, EV 132 KM/H)
Batting: RHB Daniel Jose 0-0: Fly out, F6 (Line Drive, 6M, EV 109 KM/H)
Batting: RHB Aarón Tapia 0-0: Ground out 4-3 (Groundball, 4, EV 127 KM/H)
Top of the 9th over - 0 runs, 0 hits, 0 errors, 0 left on base; Nacogdoches 6 - Beaumont 10
Wednesday, November 20th , 2024 - OOTP Baseball 25.10 Build 95